 Dungeon Crawl Stone Soup version 0.31-a0-149-g3fdcc5976a (webtiles) character file.

Game seed: 10839737934067108930

239 qw the Shooter (level 5, -4/46 HPs)
             Began as a Minotaur Hunter on June 7, 2023.
             Succumbed to a scorpion's poison
             ... on level 4 of the Dungeon.
             The game lasted 00:00:55 (2229 turns).

qw the Shooter (Minotaur Hunter)                    Turns: 2229, Time: 00:00:55

Health: -4/46      AC:  6    Str: 15    XL:     5   Next: 79%
Magic:  4/4        EV: 11    Int:  6    God:
Gold:   136        SH:  0    Dex: 16    Spells: 4/4 levels left

rFire   . . .        Y - +1 shortbow
rCold   . . .        (shield currently unavailable)
rNeg    . . .        a - +0 ring mail
rPois   .            (helmet restricted)
rElec   .            (no cloak)
rCorr   +            c - +0 pair of gloves
SInv    .            (no boots)
Will    +....        (no amulet)
Stlth   +            h - ring of resist corrosion
HPRegen 0.27/turn    i - ring of willpower
MPRegen 0.09/turn

%: no passive effects
@: lethally poisoned (-4 -> -34)
A: horns 2, retaliatory headbutt
a: no special abilities


You were on level 4 of the Dungeon.
You visited 1 branch of the dungeon, and saw 4 of its levels.

You collected 136 gold pieces.


Innate Abilities, Weirdness & Mutations

You have a pair of horns on your head.
You reflexively headbutt those who attack you in melee.


   Skills:
 - Level 4.0 Fighting
 + Level 7.0 Ranged Weapons
 - Level 1.4 Armour
 - Level 2.1 Dodging
 - Level 0.7 Stealth


You had 4 spell levels left.
You didn't know any spells.
Your spell library was empty.

Inventory:

Hand Weapons
 Y - a +1 shortbow (weapon)
Armour
 a - a +0 ring mail (worn)
 c - a +0 pair of gloves (worn)
Jewellery
 h - a ring of resist corrosion (left hand)
 i - a ring of willpower (right hand)
Scrolls
 d - a scroll of magic mapping {unknown}
 j - 2 scrolls of identify
Potions
 e - a potion of curing

Dungeon Overview and Level Annotations

Branches:
Dungeon (4/15)             Temple (0/1) D:4

Altars:
Ashenzari

Annotations:
D:3 1 runed translucent door, Crazy Yiuf


Message History

You start resting.
A scorpion comes into view.
You shoot an arrow. The arrow closely misses the scorpion.
You shoot an arrow. The arrow closely misses the scorpion.
You shoot an arrow. The arrow barely misses the scorpion.
The scorpion stings you.
You are poisoned.
The scorpion poisons you!
You shoot an arrow. The arrow closely misses the scorpion.
You feel very sick. The scorpion barely misses you.
The scorpion completely misses you. You furiously retaliate!
You headbutt the scorpion. You shoot an arrow.
The arrow closely misses the scorpion.
You feel sick. The scorpion stings you.
You shoot an arrow. The arrow hits the scorpion.
The scorpion is heavily wounded.
You feel sick. The scorpion stings you.
2225 ||| DRINKING potion of heal wounds.
You feel much better.
You feel sick. The scorpion stings you.
You are more poisoned.
The scorpion poisons you! The scorpion stings you.
You shoot an arrow. The arrow hits the scorpion.
The scorpion is heavily wounded.
You feel very sick. The scorpion barely misses you.
You shoot an arrow. The arrow barely misses the scorpion.
You feel sick. The scorpion stings you.
You are lethally poisoned!
The scorpion poisons you!
You shoot an arrow. The arrow hits the scorpion.
The scorpion is heavily wounded.
You feel very sick. The scorpion stings you.
You are more poisoned.
The scorpion poisons you! The scorpion stings you.
You shoot an arrow.
The arrow hits the scorpion but does no damage.
The scorpion is heavily wounded.
You die...

#......
##....###+###
######.....#.....#
#
...........#.###.#
..
...####....'.#>#.+
...
......%....#)#+#.#
...
..##########.....#
.. .## ###'###.#
.# #.%@s.# ##
#####.+ #


You could see a scorpion.

Vanquished Creatures
  A scorpion (D:4)
  A jelly (D:4)
  An iguana (D:4)
  Ijyb (D:3)
  An adder (D:3)
  An ufetubus (D:3)
  A worm (D:2)
  3 dart slugs
  6 endoplasms
  2 giant cockroaches (D:1)
  6 goblins
  8 hobgoblins
  8 jackals
  6 kobolds
  3 quokkas
  7 ball pythons
  3 bats
  2 frilled lizards (D:1)
  4 rats (D:3)
65 creatures vanquished.

Notes
Turn   | Place    | Note
-------+----------+-------------------------------------------
     0 | D:1      | qw the Minotaur Hunter began the quest for the Orb.
     0 | D:1      | Reached XP level 1. HP: 18/18 MP: 0/0
     0 | D:1      | 0 ||| qw: Version: 0.2-a-117-gc6b5c8b
     0 | D:1      | 0 ||| qw: Game counter: 2566
     0 | D:1      | 0 ||| qw: Always use a shield: true
     0 | D:1      | 0 ||| qw: God list: Okawaru
     0 | D:1      | 0 ||| qw: Allow faded altars: false
     0 | D:1      | 0 ||| qw: Do Orc after D:15 true
     0 | D:1      | 0 ||| qw: Do second Lair branch before Depths: true
     0 | D:1      | 0 ||| qw: Lair rune preference: random
     0 | D:1      | 0 ||| qw: Plans: Normal
     0 | D:1      | 0 ||| PLANNING D:1-11
   102 | D:1      | Reached XP level 2. HP: 25/25 MP: 1/1
   113 | D:1      | Reached skill level 5 in Ranged Weapons
   125 | D:1      | Found a faded altar of an unknown god.
   271 | D:1      | Reached skill level 3 in Fighting
   358 | D:1      | Reached XP level 3. HP: 24/31 MP: 2/2
   677 | D:1      | 677 ||| UPGRADING to ring of resist corrosion.
   678 | D:1      | 678 ||| UPGRADING to ring of willpower.
   679 | D:1      | 679 ||| READING scroll labelled EFFEOC NETYMOT.
   680 | D:1      | 680 ||| DROPPING scroll of butterflies.
  1204 | D:2      | 1204 ||| UPGRADING to +0 ring mail.
  1214 | D:2      | 1214 ||| DROPPING +0 leather armour.
  1215 | D:2      | 1215 ||| READING scroll labelled HUAMEBUPTO.
  1216 | D:2      | 1216 ||| READING scroll labelled XASYKA PUAT.
  1221 | D:2      | 1221 ||| DRINKING 2 brown potions.
  1496 | D:3      | Reached XP level 4. HP: 36/38 MP: 3/3
  1539 | D:3      | Noticed Ijyb
  1546 | D:3      | Reached skill level 1 in Armour
  1559 | D:3      | HP: 2/38 [Ijyb/bolt of dispelling energy (13)]
  1560 | D:3      | 1560 ||| DRINKING 2 potions of heal wounds.
  1565 | D:3      | Killed Ijyb
  1566 | D:3      | Reached skill level 6 in Ranged Weapons
  1657 | D:3      | Found a broken altar of Ashenzari.
  1872 | D:3      | Found a runed translucent door.
  1873 | D:3      | Noticed Crazy Yiuf
  2004 | D:3      | 2004 ||| UPGRADING to +0 pair of gloves.
  2009 | D:3      | 2009 ||| READING scroll labelled ULEUZYCISK.
  2010 | D:3      | 2010 ||| READING 4 scrolls of identify.
  2010 | D:3      | 2010 ||| IDENTIFYING silvery potion
  2011 | D:3      | 2011 ||| READING 3 scrolls of identify.
  2011 | D:3      | 2011 ||| IDENTIFYING clear potion
  2012 | D:3      | 2012 ||| READING 2 scrolls of identify.
  2012 | D:3      | 2012 ||| IDENTIFYING emerald potion
  2013 | D:3      | 2013 ||| DROPPING potion of ambrosia.
  2014 | D:3      | 2014 ||| DROPPING potion of brilliance.
  2015 | D:3      | 2015 ||| DROPPING potion of degeneration.
  2056 | D:4      | 2056 ||| PLANNING SEWER
  2058 | D:4      | 2058 ||| STAIRDANCE
  2186 | D:4      | Found a staircase to the Ecumenical Temple.
  2197 | D:4      | Noticed a scorpion
  2202 | D:4      | Reached XP level 5. HP: 39/46 MP: 4/4
  2216 | D:4      | Reached skill level 7 in Ranged Weapons
  2224 | D:4      | HP: 6/46 [scorpion (6)]
  2225 | D:4      | 2225 ||| DRINKING potion of heal wounds.
  2229 | D:4      | Succumbed to a scorpion's poison

Levels and vault maps discovered:
D:1:      mrwooster_arrival_statue, layout_basic,
          shapermc_ecumenical_altar_mp_highgroup
D:2:      layout_rooms, corexii_item_surrounded_by_moat, grunt_ministairs_12
D:3:      layout_basic, evilmike_ruin_ashenzari, uniq_ijyb,
          uniq_crazy_yiuf_cottage
D:4:      layout_rooms, minmay_temple_entry_glassed_door,
          gammafunk_ghost_mausoleum, portal_sewer_entry_d, dk_noncrumbling_2,
          uniq_edmund

Skill      XL: |  1  2  3  4  5 |
---------------+----------------+-----
Ranged Weapons | 5 6 7 |  7.0
Fighting       | 3 4 |  4.0
Armour         | 1 |  1.4
Dodging        | |  2.1
Stealth        | |  0.7

Action                     |  1- 3 |  4- 6 || total
---------------------------+-------+-------++-------
   Fire: Shortbow          |   130 |    78 ||   208
    Use: Scroll            |     3 |     4 ||     7
         Potion            |     1 |     2 ||     3
 Armour: Leather armour    |     3 |       ||     3
         Ring mail         |     1 |    22 ||    23
  Dodge: Dodged            |    16 |    34 ||    50

Table legend:
 A = Non-vault XP
 B = Vault XP
 C = Vault XP percentage of total XP
 D = Non-vault monster count
 E = Vault monster count
 F = Vault count percentage of total count
                 A         B        C        D         E       F
            +---------+---------+-------+---------+---------+-------
      Total |     299 |      43 |  12.6 |      62 |       3 |   4.6
            +---------+---------+-------+---------+---------+-------
        D:1 |      58 |       0 |   0.0 |      30 |       0 |   0.0
        D:2 |      20 |       7 |  25.9 |      11 |       2 |  15.4
        D:3 |      42 |      36 |  46.2 |      13 |       1 |   7.1
        D:4 |     179 |       0 |   0.0 |       8 |       0 |   0.0
            +---------+---------+-------+---------+---------+-------
